 Dungeon Crawl Stone Soup version 0.30-a0-359-gd0147acb1a (webtiles) character file.

Game seed: 16145712584452138810

18 KennySheep the Charlatan (level 2, 0/21 HPs)
             Began as a Human Artificer on Nov 11, 2022.
             Slain by a goblin
             ... wielding a +0 dagger
              (3 damage)
             ... on level 1 of the Dungeon.
             The game lasted 00:01:38 (255 turns).

KennySheep the Charlatan (Human Artificer)           Turns: 255, Time: 00:01:38

Health: 0/21       AC:  3    Str: 12    XL:     2   Next: 90%
Magic:  2/2        EV: 11    Int: 11    God:
Gold:   45         SH:  0    Dex: 13    Spells: 1/1 levels left

rFire   . . .      SeeInvis .    i - +1 dagger (holy)
rCold   . . .      Faith    .    (no shield)
rNeg    . . .      Spirit   .    b - +0 leather armour
rPois   .          Reflect  .    (no helmet)
rElec   .          Harm     .    (no cloak)
rCorr   .          Rampage  .    (no gloves)
Will    .....                    (no boots)
Stlth   +.........               (no amulet)
HPRegen 0.23/turn                (no ring)
MPRegen 0.08/turn                (no ring)

@: no status effects
A: no striking features
a: no special abilities


You were on level 1 of the Dungeon.
You visited 1 branch of the dungeon, and saw 1 of its levels.

You collected 45 gold pieces.

Inventory:

Hand Weapons
 a - a +0 club
 i - a +1 dagger of holy wrath (weapon)
Armour
 b - a +0 leather armour (worn)
Wands
 c - a wand of flame (15) (quivered)
 d - a wand of charming (13)
 e - a wand of iceblast (4)
Scrolls
 g - a scroll of identify {unknown}
 h - a scroll of vulnerability {unknown}
Potions
 f - 2 potions of curing {unknown}


   Skills:
 + Level 1.5 Fighting
 + Level 2.3 Armour
 + Level 1.5 Dodging
 - Level 1.0 Stealth
 + Level 3.2 Evocations


You had one spell level left.
You didn't know any spells.
Your spell library was empty.

Dungeon Overview and Level Annotations

Branches:
Dungeon (1/15)

Altars:


Message History

Your kobold hits the jackal but does no damage.
The endoplasm misses your kobold. The jackal closely misses your kobold.
You miss the goblin. The jackal closely misses your kobold.
The goblin hits you with a +0 dagger.
* * * LOW HITPOINT WARNING * * *
The endoplasm misses your kobold.
Your kobold barely misses the jackal.
You hit the goblin.
The goblin is severely wounded.
The jackal closely misses your kobold. The goblin hits you but does no damage.
Your kobold closely misses the jackal.
The endoplasm hits your kobold.
You hit the goblin but do no damage.
The goblin is severely wounded.
The jackal closely misses your kobold.
A jackal comes into view. x2
Your kobold hits the jackal with a +0 dagger.
The goblin hits you with a +0 dagger.
* * * LOW HITPOINT WARNING * * *
The jackal barely misses your kobold. The endoplasm hits your kobold.
Your kobold dies!
The jackal moves out of view.
The jackal barks!
Aiming: Iceblast
Press: ? - help, Shift-Dir - straight line, f - endoplasm
Aim: an endoplasm The mass of ice explodes!
The iceblast engulfs the endoplasm!!
You kill the endoplasm!
The iceblast engulfs the jackal!!
You kill the jackal!
The iceblast engulfs the jackal!
You kill the jackal!
You hear a bark!
You hear an angry hiss. x3
A jackal comes into view.
The goblin hits you with a +0 dagger.
* * * LOW HITPOINT WARNING * * *
You hit the jackal but do no damage. The jackal barely misses you.
The goblin barely misses you.
You barely miss the jackal.
The jackal bites you but does no damage.
The goblin hits you with a +0 dagger.
You die...

#.. ###.. #[###.K
....(
#.#....###.#..## ##
............ .. ...
#.......... #. ....
#......... .#...[.
#.......h###.......
......†..h@gK......
#.?....!#####..... ##
#####...## ... ..
#....##..... .
#.#####.##$.......
#....#..###........
####....####........
##.....#............
##....)[.............


You could see 2 jackals, a goblin and a kobold.

Vanquished Creatures
  A dart slug (D:1)
  An endoplasm (D:1)
  4 goblins (D:1)
  2 jackals (D:1)
  A kobold (D:1)
  3 bats (D:1)
  A rat (D:1)
13 creatures vanquished.

Vanquished Creatures (others)
  A quokka (D:1)
  A kobold (D:1)
2 creatures vanquished.

Grand Total: 15 creatures vanquished

Notes
Turn   | Place    | Note
-------+----------+-------------------------------------------
     0 | D:1      | KennySheep the Human Artificer began the quest for the Orb.
     0 | D:1      | Reached XP level 1. HP: 15/15 MP: 1/1
    52 | D:1      | Reached XP level 2. HP: 12/21 MP: 2/2
   255 | D:1      | Slain by a goblin

Illustrated notes

Levels and vault maps discovered:
D:1:      mrwooster_arrival_statue_2, layout_rooms,
          nicolae_ecumenical_lake_church

Action                   || total
-------------------------++-------
Melee: Club              ||    46
       Dagger            ||    22
Evoke: Wand              ||     3
Armor: Leather armour    ||    22
Dodge: Dodged            ||    57

Table legend: (Time is in decaauts)
 A = Elapsed time spent in this place.
 B = Non-inter-level travel time spent in this place.
 C = Inter-level travel time spent in this place.
 D = Time resting spent in this place.
 E = Time spent auto-exploring this place.
 F = Levels seen in this place.
 G = Mean time per level.
                   A        B        C        D        E       F      G
               +--------+--------+--------+--------+--------+-----+--------+
         Total |    268 |    268 |      0 |     43 |    105 |   1 |  268.0 |
       Dungeon |    268 |    268 |      0 |     43 |    105 |   1 |  268.0 |
               +--------+--------+--------+--------+--------+-----+--------+

Top non-repeatable levels by time:
     D:1: 268 daAuts
